 Dungeon Crawl Stone Soup version 0.17-a0-1711-gc5340a3 (webtiles) character file.

1167 urechis the Scholar of Death (level 8, 0/40 HPs)
             Began as a Vine Stalker Necromancer on Aug 22, 2015.
             Was a Follower of Kikubaaqudgha.
             Killed from afar by Pikaro's ghost (4 damage)
             ... with a sting
             ... on level 6 of the Dungeon.
             The game lasted 00:08:07 (4177 turns).

urechis the Scholar of Death (VSNe)                 Turns: 4177, Time: 00:08:08

Health: 0/40       AC:  5    Str: 12    XL:     8   Next: 40%
Magic:  0/12       EV: 11    Int: 17    God:    Kikubaaqudgha [*.....]
Gold:   247        SH:  0    Dex: 16    Spells: 1 memorised, 10 levels left

rFire  . . .     SeeInvis +     p - +1 short sword (venom)
rCold  . . .     Clarity  .     a - +0 robe
rNeg   . . .     SustAt   .     (no shield)
rPois  .         Gourm    .     F - +1 helmet
rElec  .         Spirit   +     (no cloak)
rCorr  .         Warding  .     r - +0 pair of gloves
rMut   .         Stasis   .     (no boots)
MR     +....                    (no amulet)
Stlth  ++........               E - +2 ring of intelligence
                                o - ring of see invisible

@: lethally poisoned (0 -> -1), drained, somewhat resistant to hostile
enchantments, unstealthy
A: fangs 3, regeneration 2, magic shield, antimagic bite, no device heal 3, rot
immunity
a: Receive Corpses, Renounce Religion


You were on level 6 of the Dungeon.
You worshipped Kikubaaqudgha.
Kikubaaqudgha was aware of your devotion.
You were not hungry.

You visited 1 branch of the dungeon, and saw 6 of its levels.

You collected 247 gold pieces.

Inventory:

Hand weapons
 p - a +1 short sword of venom (weapon)
Armour
 a - a +0 robe (worn)
 r - a +0 pair of gloves (worn)
 F - a +1 helmet (worn)
Jewellery
 o - a ring of see invisible (left hand)
 E - a +2 ring of intelligence (right hand)
Scrolls
 d - a scroll of amnesia {unknown}
 e - 3 scrolls of teleportation {unknown}
 g - 2 scrolls of immolation {unknown}
 h - 3 scrolls of magic mapping {unknown}
 j - 4 scrolls of remove curse {unknown}
 l - 3 scrolls of identify {unknown}
 m - a scroll of fog {unknown}
 n - a scroll of enchant armour {unknown}
 s - 2 scrolls of recharging {unknown}
 t - 2 scrolls of enchant weapon {unknown}
 y - a scroll of fear {unknown}
 C - a scroll of noise {unknown}
 D - a scroll of random uselessness {unknown}
Potions
 f - 2 potions of flight {unknown}
 i - 5 potions of curing {unknown}
 q - 2 potions of poison {unknown}
 x - a potion of lignification {unknown}
 z - a potion of degeneration {unknown}
 A - a potion of agility {unknown}
 G - 2 potions of cancellation {unknown}
Books
 b - a book of Necromancy

   Spells                             Type                      Level
   a - Pain                           Necromancy                   1
   b - Animate Skeleton               Necromancy                   1
   c - Vampiric Draining              Necromancy                   3
   d - Regeneration                   Charms/Necromancy            3
   e - Animate Dead                   Necromancy                   4
   f - Control Undead                 Necromancy                   4
 u - Kikubaaqudgha's Papyrus of Black Secrets
   (You found it on level 2 of the Dungeon)

   Spells                             Type                      Level
   a - Animate Skeleton               Necromancy                   1
 v - Sif Muna's Papyrus of Bewitchment
   (You found it on level 2 of the Dungeon)

   Spells                             Type                      Level
   a - Corona                         Hexes                        1
 w - Vehumet's Tome of Conjuration
   (You found it on level 2 of the Dungeon)

   Spells                             Type                      Level
   a - Magic Dart                     Conjuration                  1
 B - Kikubaaqudgha's Tome of Necromancy
   (Kikubaaqudgha gifted it to you on level 4 of the Dungeon)

   Spells                             Type                      Level
   a - Pain                           Necromancy                   1
   b - Corpse Rot                     Necromancy                   2
   c - Sublimation of Blood           Necromancy                   2
   d - Regeneration                   Charms/Necromancy            3
   e - Control Undead                 Necromancy                   4
Comestibles
 c - 4 bread rations
 k - 3 meat rations


   Skills:
 + Level 3.1(2.0) Fighting
 * Level 4.5(3.5) Short Blades
 - Level 1.5(0.6) Dodging
 - Level 2.4(1.4) Stealth
 - Level 2.2(1.2) Spellcasting
 - Level 8.4(7.2) Necromancy


You had 10 spell levels left.
You knew the following spells:

 Your Spells              Type           Power        Failure   Level  Hunger
a - Pain                  Necr           ####         1%          1    ##.....


Dungeon Overview and Level Annotations

Branches:
Dungeon (6/15)             Temple (0/1) D:5

Altars:
Ashenzari
Cheibriados
Dithmenos
Elyvilon
Kikubaaqudgha
Makhleb
Nemelex Xobeh
Okawaru
Sif Muna
Trog
Vehumet
Yredelemnul

Shops:
D:5 %}!

Annotations:
D:6 Pikaro's ghost, experienced DrVM


Innate Abilities, Weirdness & Mutations

You have razor-sharp teeth.
You heal very quickly.
When hurt, damage is shared between your health and your magic reserves.
Your bite disrupts and absorbs the magic of your enemies.
Potions and wands cannot restore your health.
You are immune to rotting.


Message History

* * * LOW HITPOINT WARNING * * *
You feel sick.
You see here an orc corpse.
Items here: )) [ † a club; a whip; a ring mail; an orc corpse You feel sick.
Pikaro's ghost casts a spell at you. The sting hits you!
You are more poisoned.
* * * LOW HITPOINT WARNING * * *
You feel sick.
Pikaro's ghost breathes negative energy at you.
The bolt of negative energy hits you!
You feel drained.
* * * LOW HITPOINT WARNING * * *
You feel sick. Pikaro's ghost casts a spell at you. The sting hits you!
You are more poisoned.
You die...
Kikubaaqudgha rasps: "You have failed me!
Welcome... death!"

#.. ..# #.## ##.##
#§ #..W##
##§§§##)##.##
#§#§#§#.###.##
§§_§§§.# ##.##
#§#§#§### ##@##
#§§(## #..##
#...#§#########...#
## ... ##........##
#.#####...####..##
#.# ##..### ##..##
#..##..## #..#
#.....# #....
#...#### ##.####


You could see Pikaro's ghost.

Vanquished Creatures
  4 yaks (D:5)
  Edmund (D:5)
  2 ogres (D:5)
  An iguana (D:4)
  Ijyb (D:3)
  2 orc wizards (D:4)
  A worker ant (D:5)
  A hound zombie (D:5)
  10 adders
  A shadow imp (D:6)
  An adder zombie (D:3)
  3 worms
  4 giant geckos
  7 orcs
  2 giant cockroaches
  4 goblins
  8 hobgoblins
  4 jackals (D:3)
  10 kobolds
  4 ball pythons
  4 bats
  A giant gecko skeleton (D:5)
  A giant gecko zombie (D:5)
  3 giant newts
  7 rats
87 creatures vanquished.

Notes
Turn   | Place    | Note
--------------------------------------------------------------
     0 | D:1      | urechis the Vine Stalker Necromancer began the quest for the Orb.
     0 | D:1      | Reached XP level 1. HP: 9/9 MP: 4/4
   257 | D:1      | Reached XP level 2. HP: 13/13 MP: 4/6
   841 | D:2      | Found a shattered altar of Ashenzari.
   843 | D:2      | Found a snail-covered altar of Cheibriados.
   843 | D:2      | Found a white marble altar of Elyvilon.
   850 | D:2      | Found an iron altar of Okawaru.
   850 | D:2      | Found a bloodstained altar of Trog.
   850 | D:2      | Found a burning altar of Makhleb.
   892 | D:2      | Reached XP level 3. HP: 12/16 MP: 5/7
   910 | D:2      | Reached skill level 5 in Necromancy
  1067 | D:2      | Found a deep blue altar of Sif Muna.
  1069 | D:2      | Found a radiant altar of Vehumet.
  1069 | D:2      | Found an ancient bone altar of Kikubaaqudgha.
  1077 | D:2      | Identified Kikubaaqudgha's Papyrus of Black Secrets
  1084 | D:2      | Identified Sif Muna's Papyrus of Bewitchment
  1091 | D:2      | Identified Vehumet's Tome of Conjuration
  1320 | D:2      | Became a worshipper of Kikubaaqudgha
  1522 | D:2      | Found a sparkling altar of Nemelex Xobeh.
  1791 | D:3      | Reached XP level 4. HP: 21/21 MP: 8/8
  1857 | D:3      | Noticed Ijyb
  1865 | D:3      | Killed Ijyb
  1889 | D:3      | Reached skill level 6 in Necromancy
  1910 | D:3      | Reached XP level 5. HP: 24/24 MP: 9/9
  2437 | D:4      | Found a basalt altar of Yredelemnul.
  2595 | D:4      | Acquired Kikubaaqudgha's first power
  2595 | D:4      | Received a gift from Kikubaaqudgha
  2598 | D:4      | Identified Kikubaaqudgha's Tome of Necromancy (Kikubaaqudgha gifted it to you on level 4 of the Dungeon)
  2819 | D:4      | Reached skill level 7 in Necromancy
  2819 | D:4      | Gained mutation: You heal very quickly. [Vine Stalker growth]
  2819 | D:4      | Reached XP level 6. HP: 21/28 MP: 4/10
  2972 | D:5      | Entered Level 5 of the Dungeon
  3083 | D:5      | Found Poduar's Distillery.
  3210 | D:5      | Found a staircase to the Ecumenical Temple.
  3354 | D:5      | Noticed a yak
  3354 | D:5      | Noticed a yak
  3354 | D:5      | Noticed a yak
  3354 | D:5      | Noticed a yak
  3377 | D:5      | Killed a yak
  3377 | D:5      | Reached skill level 8 in Necromancy
  3377 | D:5      | Reached XP level 7. HP: 32/32 MP: 11/11
  3398 | D:5      | Killed a yak
  3398 | D:5      | Reached skill level 1 in Fighting
  3398 | D:5      | Reached skill level 1 in Short Blades
  3433 | D:5      | Noticed Edmund
  3466 | D:5      | Killed Edmund
  3775 | D:5      | Found Qanem's Food Boutique.
  3795 | D:5      | Killed a yak
  3795 | D:5      | Gained mutation: You have razor-sharp teeth. [Vine Stalker growth]
  3795 | D:5      | Reached XP level 8. HP: 33/39 MP: 9/12
  3816 | D:5      | Killed a yak
  3873 | D:5      | Found Qejam's Gadget Shop.
  4153 | D:6      | Found a shadowy altar of Dithmenos.
  4154 | D:6      | Noticed Pikaro's ghost (experienced DrVM)
  4177 | D:6      | Killed from afar by Pikaro's ghost

Vault maps used:
D:1:      scummos_arrival_hexagon
D:2:      grunt_temple_overflow_magic_moments, grunt_temple_overflow_open,
          lemuel_coloured_pillars_altar, first_bread
D:3:      minmay_misc_feat_encased, uniq_iyjb
D:4:      kennysheep_mini_moat
D:5:      temple_doors_e, serial_shops, shop_fountains, shop_fountains, shop,
          uniq_edmund
D:6:      grunt_dithmenos_smoke_and_mirrors

Action                   |  1- 3 |  4- 6 |  7- 9 || total
-------------------------+-------+-------+-------++-------
Melee: Unarmed           |     5 |       |       ||     5
       Club              |    24 |       |       ||    24
       Short sword       |    63 |    87 |    58 ||   208
 Cast: Pain              |    28 |    16 |     9 ||    53
 Stab: Sleeping          |     1 |     1 |     3 ||     5
  Eat: Chunk             |     1 |     6 |     2 ||     9
       Royal jelly       |     1 |       |       ||     1
